AoeStats
← EMPEROR98265292

Golden Pit

507443854Analyzed
1v1 RM · 15d ago on Sep 18, 2026· 37m 35s· 2 players
Game mode
Random Map
Map size
Tiny (2 player)
Population
200
Speed
Normal
Resources
Standard
Victory
Conquest
Starting age
Dark Age
Ending age
Imperial Age
RankedLock teamsTeams togetherTeam positionsShared explorationLock speedFull tech treeHidden civsTurbo modeCheats
Victory
Defeat
🇮🇳 Wei · India
1550
+15
🇧🇪 Vietnamese · Belgium
1518
-15
Piedje Spastcoman
6:07 Loom
8:42 Feudal Age
9:21 Double-Bit Axe
10:39 Horse Collar
17:50 Castle Age
17:05 Gold Mining
17:55 Crossbowman
19:50 Fletching
20:43 Bodkin Arrow
21:31 Ballistics
EMPEROR98265292
4:03 Loom
10:56 Feudal Age
12:08 Double-Bit Axe
12:59 Horse Collar
14:52 Wheelbarrow
19:57 Castle Age
18:22 Gold Mining
19:30 Fletching
22:20 Padded Archer Armor
22:19 Bodkin Arrow
22:55 Padded Archer Armor
25:32 Bloodlines
26:42 Ballistics
27:46 Leather Archer Armor
29:12 Husbandry
30:02 Bow Saw
33:20 Elite Skirmisher
37:19 Imperial Age
Connection lost

Rejoining the realm…

Still unreachable

The connection could not be restored.

Session expired

The server has moved on; the page needs a fresh start.